 Dungeon Crawl Stone Soup version 0.26.1-2-gb8aa6d0cf2 (webtiles) character file.

Game seed: 4277583213955729245

3918 H0rd4k the Sneak (level 10, -4/76 HPs)
             Began as a Human Artificer on Feb 12, 2021.
             Was an Initiate of Gozag.
             Splashed by an orc's acid (9 damage)
             ... on level 9 of the Dungeon.
             The game lasted 00:20:15 (11731 turns).

H0rd4k the Sneak (Human Artificer)                 Turns: 11731, Time: 00:20:17

Health: -4/76      AC:  5    Str: 14    XL:     10   Next: 43%
Magic:  28/28      EV: 14    Int:  9    God:    Gozag
Gold:   785        SH:  5    Dex: 13    Spells: 9/9 levels left

rFire    . . .     SeeInvis .   p - +5 trident "Favypp" {flame, rElec rN++ MP+9 Int-5}
rCold    . . .     Faith    .   (no shield)
rNeg     + + .     Spirit   .   b - +1 leather armour
rPois    .         Reflect  +   (no helmet)
rElec    +         Harm     .   (no cloak)
rCorr    .         Rampage  .   t - +0 pair of gloves
Will     .....                  (no boots)
Stlth    +++.......             q - amulet of reflection
HPRegen  0.22/turn              f - ring of magical power
MPRegen  0.21/turn              (no ring)

@: gold aura
A: no striking features
a: Renounce Religion, Potion Petition, Call Merchant, Bribe Branch


You were on level 9 of the Dungeon.
You worshipped Gozag.
Gozag was pleased with you.
You visited 1 branch of the dungeon, and saw 9 of its levels.
You also visited: Sewer.

You collected 914 gold pieces.
You paid 129 gold pieces to Gozag.

Inventory:

Hand Weapons
 j - a +1 dagger
 p - the +5 trident "Favypp" (weapon) {flame, rElec rN++ MP+9 Int-5}
   (You found it on level 4 of the Dungeon)

   It has been specially enchanted to burn those struck by it, causing extra
   injury to most foes and up to half again as much damage against particularly
   susceptible opponents.
   It affects your intelligence (-5).
   It insulates you from electricity.
   It greatly protects you from negative energy.
   It affects your magic capacity (+9).
 y - the +7 arbalest of Prescription {flame, rElec}
   (You found it on level 7 of the Dungeon)

   It causes projectiles fired from it to burn those they strike, causing extra
   injury to most foes and up to half again as much damage against particularly
   susceptible opponents.
   It insulates you from electricity.
Missiles
 o - 11 boomerangs
 r - 96 bolts
 C - 7 curare-tipped darts (quivered)
 H - 3 boomerangs of dispersal
Armour
 b - a +1 leather armour (worn)
 t - a +0 pair of gloves (worn)
Jewellery
 f - a ring of magical power (left hand)
 q - an amulet of reflection (around neck)
 J - an uncursed amulet of faith
Wands
 c - a wand of flame (26)
 d - a wand of enslavement (1)
 e - a wand of random effects (8)
 h - a wand of disintegration (23)
 v - a wand of acid (5)
 B - a wand of digging (4)
 L - a wand of paralysis (7)
Scrolls
 i - 6 scrolls of teleportation
 k - 3 scrolls of blinking
 l - 10 scrolls of identify
 m - 4 scrolls of amnesia
 u - 2 scrolls of fog
 A - 4 scrolls of magic mapping
 D - 2 scrolls of remove curse
 F - 2 scrolls of enchant weapon
 G - a scroll of fear
 I - a scroll of brand weapon {unknown}
 N - a scroll of noise {unknown}
Potions
 a - a potion of attraction {unknown}
 g - a potion of resistance {unknown}
 n - 4 potions of flight
 s - 2 potions of heal wounds
 w - a potion of cancellation {unknown}
 x - 2 potions of magic
 z - a potion of curing {unknown}
 E - 4 potions of brilliance {unknown}
 K - a potion of haste {unknown}
 M - a potion of mutation {unknown}


   Skills:
 + Level 5.9 Fighting
 + Level 4.0 Short Blades
 - Level 3.0 Polearms
 * Level 3.0 Crossbows
 * Level 3.0 Throwing
 + Level 5.3 Armour
 + Level 5.8 Dodging
 + Level 6.2 Stealth
 + Level 4.0 Shields
 + Level 4.5 Evocations


You had 9 spell levels left.
You didn't know any spells.
Your spell library contained the following spells:

 Spells                   Type           Power        Failure   Level
 Poisonous Vapours        Pois/Air       0%           58%         2
 Conjure Flame            Conj/Fire      0%           83%         3
 Mephitic Cloud           Conj/Pois/Air  0%           83%         3
 Freezing Cloud           Conj/Ice/Air   0%           100%        6


Dungeon Overview and Level Annotations

Branches:
Dungeon (9/15)             Temple (0/1) D:4           Sewer (visited)
   Lair: D:8-11         Orc: D:9-12

Altars:
Ashenzari
Cheibriados
Elyvilon
Fedhas
Gozag
Makhleb
Nemelex Xobeh
Qazlal
Sif Muna
Trog
Uskayaw
Wu Jian
Yredelemnul

Shops:
D:4 }

Annotations:
D:4 2 runed translucent doors, exclusion: 2 doors, kthxbai's ghost, novice BaIE
D:5 exclusion: downstairs


Message History

You are too injured to fight recklessly!
Unknown command.
Press: ? - help, v - describe, . - travel, g - get item
Here: an orc, wielding a +1 vorpal long sword and wearing a +0 leather armour
Items here: $ )) [.
The floor, spattered with blood.
Unknown command.
You hit the orc. You burn the orc.
The orc is almost dead.
You hit the orc but do no damage.
The orc is almost dead.
The orc misses you.
You hit the orc. You burn the orc.
You kill the orc!
The orc is no longer distracted by gold.
The orc zaps a wand.
The bolt of acid hits you!!
* * * LOW HITPOINT WARNING * * *
You are splashed with acid!
You die...
Your body crumbles into a pile of gold.

...# ##'##### ##.# #.#### +#
.#.# #....# ###. .#.# ####.#
#.. ...# #.## #.# ##.# #..#
##.######## ...#
#####'#######.........# ..##
#........##o.........P.
#.######........@$.#..F......P
.......+........####(.(.......
.#######........# #..........
.# #........# #......P... .#
#..).....# #.......P.# .#
#........# #.........# .#
#........# ###.#.....' ##
######+### #.#.....# #
#.#......


You could see an orc.

Vanquished Creatures
  Pikel (D:4)
  A troll (D:9)
  Sigmund (D:2)
  Menkaure (D:7)
  Edmund (D:4)
  3 orc warriors
  An ice beast (D:5)
  2 sky beasts
  4 ogres
  A killer bee (D:7)
  2 centaurs
  2 big kobolds
  2 lemures (D:4)
  3 bullfrogs
  4 scorpions
  5 wights (D:7)
  A centaur zombie (D:5)
  3 hounds
  5 orc priests
  Crazy Yiuf (D:7)
  2 jellies
  6 orc wizards
  Natasha (D:2)
  Ijyb (D:4)
  An iguana (D:8)
  4 worker ants
  A killer bee zombie (D:7)
  A hound skeleton (D:5)
  3 gnolls (D:8)
  10 adders
  3 shadow imps
  2 white imps
  An ufetubus (D:5)
  4 worms (D:5)
  2 dart slugs
  6 leopard geckos
  18 orcs
  A ball python (D:4)
  8 bats
  2 giant cockroaches
  2 goblins
  5 hobgoblins
  5 jackals
  15 kobolds
  4 quokkas
  4 frilled lizards
  A leopard gecko skeleton (D:4)
  7 rats
164 creatures vanquished.

Vanquished Creatures (collateral kills)
  A killer bee (D:7)
  4 orcs (D:7)
  A frilled lizard (D:1)
  A kobold (D:1)
7 creatures vanquished.

Vanquished Creatures (others)
  A killer bee (D:7)
  An orc priest (D:6)
  9 fungi
  18 plants (D:9)
  5 toadstools (D:1)
34 creatures vanquished.

Grand Total: 205 creatures vanquished

Notes
Turn   | Place    | Note
-------+----------+-------------------------------------------
     0 | D:1      | H0rd4k the Human Artificer began the quest for the Orb.
     0 | D:1      | Reached XP level 1. HP: 15/15 MP: 1/1
   521 | D:1      | Reached XP level 2. HP: 21/21 MP: 2/2
  1863 | D:2      | Reached XP level 3. HP: 24/26 MP: 3/3
  1987 | D:2      | Reached skill level 1 in Short Blades
  2406 | D:2      | Noticed Sigmund
  2421 | D:2      | Killed Sigmund
  2422 | D:2      | Reached skill level 2 in Stealth
  2422 | D:2      | Reached XP level 4. HP: 30/33 MP: 4/4
  2422 | D:2      | Reached XP level 5. HP: 35/38 MP: 5/5
  2422 | D:2      | Reached XP level 6. HP: 41/44 MP: 6/6
  3147 | D:2      | Noticed Natasha
  3159 | D:2      | Killed Natasha
  3253 | D:2      | Found a stormy altar of Qazlal.
  3688 | D:3      | Found a shimmering blue altar of Sif Muna.
  3722 | D:3      | Noticed a sky beast
  3755 | D:2      | Killed a sky beast
  3883 | D:3      | Reached XP level 7. HP: 50/50 MP: 7/7
  4023 | D:3      | Found a white marble altar of Elyvilon.
  4201 | D:4      | Got a bone trident
  4202 | D:4      | Identified the +5 trident "Favypp" {flame, rElec rN++ MP+9
                  | Int-5} (You found it on level 4 of the Dungeon)
  4253 | D:4      | Found a staircase to the Ecumenical Temple.
  4316 | D:4      | Noticed Pikel
  4440 | D:4      | Found a hide-covered altar of Uskayaw.
  4449 | D:4      | Killed Pikel
  4450 | D:4      | Reached skill level 1 in Polearms
  4450 | D:4      | Reached skill level 3 in Stealth
  4450 | D:4      | Reached skill level 1 in Shields
  4450 | D:4      | Reached XP level 8. HP: 30/58 MP: 8/8
  4517 | D:4      | Found Engaesi's Gadget Shoppe.
  4769 | D:4      | Noticed Ijyb
  4781 | D:4      | Killed Ijyb
  4916 | D:4      | Noticed Edmund
  4957 | D:4      | Killed Edmund
  5299 | D:4      | Found a large runed translucent door.
  5299 | D:4      | Found a large runed translucent door.
  5300 | D:4      | Noticed kthxbai's ghost (novice BaIE)
  5405 | D:5      | Entered Level 5 of the Dungeon
  5624 | D:5      | Reached skill level 4 in Stealth
  5817 | D:5      | Found a glowing drain.
  5830 | Sewer    | Entered a sewer
  5927 | Sewer    | Reached XP level 9. HP: 47/65 MP: 9/9
  6049 | Sewer    | Found a white marble altar of Elyvilon.
  6126 | D:5      | Found a basalt altar of Yredelemnul.
  6131 | D:5      | Found a blossoming altar of Fedhas.
  6131 | D:5      | Found an ornate altar of the Wu Jian Council.
  6132 | D:5      | Found a burning altar of Makhleb.
  6133 | D:5      | Found a bloodstained altar of Trog.
  6134 | D:5      | Found a snail-covered altar of Cheibriados.
  6610 | D:6      | Reached skill level 5 in Stealth
  7008 | D:6      | Found an opulent altar of Gozag.
  7755 | D:7      | Got a jewelled arbalest
  8054 | D:1      | Identified the +7 arbalest of Prescription {flame, rElec}
                  | (You found it on level 7 of the Dungeon)
  8397 | D:6      | Became a worshipper of Gozag Ym Sagoz the Greedy
  8729 | D:7      | Noticed Menkaure
  8734 | D:7      | Killed Menkaure
  8735 | D:7      | Reached skill level 1 in Throwing
  8784 | D:7      | Reached skill level 5 in Dodging
  8787 | D:7      | Reached skill level 5 in Fighting
  9078 | D:7      | Reached skill level 1 in Crossbows
  9625 | D:7      | Reached XP level 10. HP: 48/74 MP: 10/10
  9828 | D:7      | Found a runed translucent door.
  9829 | D:7      | Noticed Crazy Yiuf
  9988 | D:7      | Reached skill level 5 in Armour
 10373 | D:7      | Killed Crazy Yiuf
 11123 | D:8      | Found a sparkling altar of Nemelex Xobeh.
 11364 | D:9      | Found a broken altar of Ashenzari.
 11462 | D:9      | Reached skill level 6 in Stealth
 11508 | D:9      | Found a broken altar of Ashenzari.
 11731 | D:9      | Splashed by an orc's acid

Illustrated notes

Levels and vault maps discovered:
D:1:      ldierk_walled_garden, layout_basic
D:2:      mumra_celtic_spiral_tile, layout_rooms, marbit_many_paths,
          uniq_natasha, uniq_sigmund
D:3:      layout_rooms, elyvilon_altar_4, st_stairs_12, led_sif_pool
D:4:      layout_basic, lemuel_doored_altar, minmay_temple_entry_grid,
          ebering_ghost_disaster_area, kennysheep_windowed_goal, uniq_pikel,
          uniq_ijyb, uniq_edmund
D:5:      layout_basic, minitemple, gup_sewer_entry_bubbles
D:6:      layout_rooms, nicolae_gozag_cash_rules_everything_around_me,
          corexii_checkpoint_a
D:7:      layout_basic, minmay_misc_feat_four_crosses, uniq_menkaure,
          uniq_crazy_yiuf_cottage
D:8:      layout_basic, lemuel_crystal_altar
D:9:      layout_roguey, evilmike_ruin_ashenzari,
          nicolae_tso_swordbearing_angel, grunt_lair_entry_orc_guard_hut,
          basic_altar, minmay_misc_feat_more_columns

Skill      XL: |  1  2  3  4  5  6  7  8  9 10 |
---------------+-------------------------------+-----
Short Blades   | 2 3 4 |  4.0
Armour         | 3 4 5 |  5.3
Dodging        | 2 3 4 5 |  5.8
Stealth        | 2 3 4 5 6 |  6.2
Fighting       | 2 3 4 5 |  5.9
Polearms       | 1 3 |  3.0
Shields        | 1 2 3 4 |  4.0
Evocations     | 4 |  4.5
Throwing       | 1 3 |  3.0
Crossbows      | 1 3 |  3.0

Action                   |  1- 3 |  4- 6 |  7- 9 | 10-12 || total
-------------------------+-------+-------+-------+-------++-------
Melee: Dagger            |   156 |    93 |    27 |       ||   276
       Club              |     8 |       |       |       ||     8
       Trident           |       |       |   322 |   117 ||   439
 Fire: Arbalest          |       |       |       |     4 ||     4
Evoke: Wand              |    11 |     8 |    13 |       ||    32
  Use: Scroll            |       |     9 |     5 |     1 ||    15
       Potion            |       |       |     4 |       ||     4
 Stab: Sleeping          |     3 |     1 |    12 |     4 ||    20
       Confused          |     1 |       |       |       ||     1
       Distracted        |       |       |     2 |     1 ||     3
Armor: Leather armour    |    49 |    15 |    54 |     5 ||   123
       Skin              |       |       |     7 |       ||     7
Dodge: Dodged            |   109 |    61 |   192 |    56 ||   418
Block: Other             |       |    14 |    73 |    16 ||   103
       Reflection        |       |       |     5 |       ||     5
